 Dungeon Crawl Stone Soup version 0.31.0-32-g396128a36d (webtiles) character file.

Game seed: 2924174223436046806

62 mainiacjoe the Vexing (level 3, 0/20 HPs)
             Began as a Deep Elf Hexslinger on Apr 4, 2024.
             Was a Believer of Vehumet.
             Slain by Terence
             ... wielding a +0 hand axe
              (2 damage)
             ... on level 2 of the Dungeon.
             The game lasted 00:03:29 (1500 turns).

mainiacjoe the Vexing (Deep Elf Hexslinger)         Turns: 1500, Time: 00:03:30

Health: 0/20       AC:  2    Str:  5    XL:     3   Next: 85%
Magic:  6/8        EV: 13    Int: 19    God:    Vehumet [**....]
Gold:   45         SH:  0    Dex: 17    Spells: 0/6 levels left

rFire   . . .        a - +1 sling
rCold   . . .        (no shield)
rNeg    . . .        c - +0 robe
rPois   .            (no helmet)
rElec   .            (no cloak)
rCorr   .            (no gloves)
SInv    .            (no boots)
Will    .....        (no amulet)
Stlth   ++           (no ring)
HPRegen 0.23/turn    (no ring)
MPRegen 0.11/turn

%: no passive effects
@: no status effects
A: no striking features
a: Renounce Religion


You were on level 2 of the Dungeon.
You worshipped Vehumet.
Vehumet was pleased with you.
You visited 1 branch of the dungeon, and saw 2 of its levels.

You collected 45 gold pieces.

Inventory:

Hand Weapons
 a - a +1 sling (weapon)
 b - a +0 short sword
Missiles
 d - 25 stones
 g - 11 poisoned darts
Armour
 c - a +0 robe (worn)
Scrolls
 f - a scroll of poison
 h - a scroll of butterflies
 i - a scroll of teleportation
Potions
 e - 2 potions of lignification
 j - a potion of haste {unknown}


   Skills:
 - Level 0.7 Fighting
 * Level 4.7 Ranged Weapons
 - Level 2.4 Dodging
 - Level 2.0 Spellcasting
 + Level 4.9 Hexes
 - Level 1.1 Fire Magic


You couldn't memorise any spells.
You knew the following spells:

 Your Spells              Type           Power      Damage    Failure   Level
a - Magic Dart            Conj           4%         1d3       17%         1
b - Jinxbite              Hex            40%        N/A       3%          2
c - Sigil of Binding      Hex            20%        N/A       7%          3

Your spell library contained the following spells:

 Spells                   Type           Power      Damage    Failure   Level
 Kiss of Death            Conj/Necr      4%         2d5       17%         1
 Inner Flame              Hex/Fire       13%        N/A       14%         3
 Cause Fear               Hex            10%        N/A       22%         4
 Dimensional Bullseye     Hex/Tloc       5%         N/A       52%         4


Dungeon Overview and Level Annotations

Branches:
Dungeon (2/15)

Altars:
Vehumet

Annotations:
D:2 Terence


Message History

You shoot a sling bullet.
The sling bullet completely misses Terence.
You shoot a sling bullet. The sling bullet barely misses Terence.
You shoot a sling bullet. The sling bullet hits the endoplasm.
The endoplasm is moderately wounded.
The endoplasm freezes you.
You are frozen.
The endoplasm jiggles.
The endoplasm freezes you.
You are frozen.
You shoot a sling bullet. The sling bullet hits the endoplasm.
The endoplasm is severely wounded.
The endoplasm freezes you.
You are frozen.
You shoot a sling bullet.
The sling bullet barely misses the endoplasm.
The sling bullet hits Terence.
Terence is lightly wounded.
Your binding sigil disappears.
The endoplasm barely misses you.
You shoot a sling bullet. The sling bullet hits the endoplasm.
The endoplasm is almost dead.
Terence's lost momentum returns!
The endoplasm closely misses you.
You shoot a sling bullet.
The sling bullet barely misses the endoplasm.
Terence hits you with a +0 hand axe. The endoplasm freezes you.
You are frozen.
You are too injured to fight recklessly!
You are too injured to fight recklessly!
You shoot a sling bullet. The sling bullet barely misses Terence.
Terence screams, "I'm going to kill you!"
Terence hits you with a +0 hand axe.
* * * LOW HITPOINT WARNING * * *
The endoplasm freezes you.
You are frozen.
* * * LOW HITPOINT WARNING * * *
Terence hits you with a +0 hand axe.
You die...
Terence says, "Rest in peace."

.#.............#..# #.#.#.##.
.#.###.#.#######..#######.#.#<...
.#........................#.....#
.#...#.#.....##.#+#########.....#
.#.#.........##.......# #.....'
.# #.#.#.....###......# ###....#
.# #.#.#.....# #......####....###
.# # #...#+#.# #.@....##....####
.# #.#.# #.. #@J.............# .#
#.#.# ##..######.#..#.....# .# #
#.#.##.....## .# #.#.##....... .#
#@#.##......) ## ..#.##.......
#J...##....... ...####.......
..?># ##.......


You could see Terence (swift) and an endoplasm.

Vanquished Creatures
  A dart slug (D:1)
  12 endoplasms
  6 giant cockroaches
  4 goblins
  3 hobgoblins (D:1)
  3 jackals (D:1)
  6 kobolds
  3 quokkas
  6 ball pythons
  A bat (D:2)
  2 frilled lizards (D:1)
  5 rats
52 creatures vanquished.

Notes
Turn   | Place    | Note
-------+----------+-------------------------------------------
     0 | D:1      | mainiacjoe the Deep Elf Hexslinger began the quest for the
                  | Orb.
     0 | D:1      | Reached XP level 1. HP: 11/11 MP: 5/5
    39 | D:1      | Found a faded altar of an unknown god.
    47 | D:1      | Prayed at the altar of an unknown god.
    47 | D:1      | Became a worshipper of Vehumet
    47 | D:1      | Reached * piety under Vehumet
    47 | D:1      | Offered knowledge of Magic Dart by Vehumet.
   157 | D:1      | Reached XP level 2. HP: 16/16 MP: 7/7
   164 | D:1      | Learned a level 1 spell: Magic Dart
   167 | D:1      | Learned a level 2 spell: Jinxbite
   595 | D:1      | Reached XP level 3. HP: 20/20 MP: 6/8
   661 | D:1      | Offered knowledge of Kiss of Death by Vehumet.
   690 | D:1      | Reached ** piety under Vehumet
  1294 | D:2      | Learned a level 3 spell: Sigil of Binding
  1480 | D:2      | Noticed Terence
  1500 | D:2      | Slain by Terence

Illustrated notes

Levels and vault maps discovered:
D:1:      shiori_shiawase, layout_loops_ring, basic_ecumenical_altar
D:2:      layout_basic, uniq_terence

Skill      XL: |  1  2 |
---------------+-------+-----
Ranged Weapons | 3 4 |  4.7
Spellcasting   | 2 |  2.0
Fighting       | |  0.7
Dodging        | |  2.4
Hexes          | |  4.9
Fire Magic     | |  1.1

Action                     || total
---------------------------++-------
   Fire: Sling             ||   128
   Cast: Jinxbite          ||     6
         Magic Dart        ||     2
         Sigil of Binding  ||     1
    Use: Scroll            ||     4
 Armour: Robe              ||    19
  Dodge: Dodged            ||    18
